 Dungeon Crawl Stone Soup version 0.23.2-1-ga50397a (webtiles) character file.

Game seed: 13698898479025881140

140 doot the Gusty (level 5, -1/28 HPs)
             Began as a Tengu Air Elementalist on May 10, 2019.
             Was a Follower of Vehumet.
             Slain by a river rat (6 damage)
             ... in a sewer.
             The game lasted 00:08:02 (2499 turns).

doot the Gusty (Tengu Air Elementalist)             Turns: 2499, Time: 00:08:04

Health: -1/28      AC:  2    Str:  9    XL:     5   Next: 23%
Magic:  0/10       EV: 15    Int: 16    God:    Vehumet [*.....]
Gold:   66         SH:  0    Dex: 12    Spells: 4/10 levels left

rFire    . . .     SeeInvis .   d - +0 spear
rCold    . . .     Gourm    .   (no shield)
rNeg     . . .     Faith    +   a - +0 robe
rPois    .         Spirit   .   (helmet restricted)
rElec    .         Reflect  .   (no cloak)
rCorr    .         Harm     .   (no gloves)
MR       +....                  (boots unavailable)
Stlth    ++........             p - amulet of faith
HPRegen  0.09/turn              m - ring of protection from magic
MPRegen  0.12/turn              q - -2 ring of dexterity (curse)

@: flying quickly and evasively, quick
A: beak, talons 3, able to fly
a: Stop Flying, Renounce Religion


You were in a sewer.
You worshipped Vehumet.
Vehumet was aware of your devotion.
You were very hungry.

You visited 1 branch of the dungeon, and saw 3 of its levels.
You also visited: Sewer.

You collected 66 gold pieces.

Inventory:

Hand Weapons
 d - a +0 spear (weapon)
Armour
 a - a +0 robe (worn)
Jewellery
 b - an uncursed amulet of magic regeneration
 j - an uncursed amulet of regeneration {unknown}
 m - a ring of protection from magic (left hand)
 p - an amulet of faith (around neck)
 q - a cursed -2 ring of dexterity (right hand)
Scrolls
 e - 2 scrolls of identify
Potions
 h - a potion of brilliance
Comestibles
 c - 5 rations
 f - 6 chunks of flesh


   Skills:
 + Level 2.5 Dodging
 + Level 2.2 Stealth
 + Level 3.1 Spellcasting
 + Level 2.7 Conjurations
 + Level 5.9 Air Magic


You had 4 spell levels left.
You knew the following spells:

 Your Spells              Type           Power        Failure   Level  Hunger
a - Shock                 Conj/Air       ###.         3%          1    #......
b - Swiftness             Chrm/Air       ##......     9%          2    ##.....
c - Static Discharge      Conj/Air       ###.....     10%         3    ###....

Your spell library contained the following spells:

 Spells                   Type           Power        Failure   Level  Hunger
 Sting                    Conj/Pois      #...         11%         1    #......
 Airstrike                Air            ###.......   16%         4    #####..
 Lightning Bolt           Conj/Air       ###.......   65%         5    ######.


Dungeon Overview and Level Annotations

Branches:
Dungeon (3/15)

Altars:
Ashenzari
Cheibriados
Okawaru
Ru
Trog
Vehumet
Zin
The Shining One


Innate Abilities, Weirdness & Mutations

You have a beak for a mouth.
You have claws for feet.
You can fly continuously.


Message History

The river rat is lightly wounded.
The river rat bites you. The river rat misses you.
Casting: Static Discharge (safe; 10% risk of failure)
Confirm with . or Enter, or press ? or * to list all spells.
Aiming: Shock (safe; 3% risk of failure)
Press: ? - help, Shift-Dir - straight line, f - rat
Aim: a rat The zap hits the river rat.
The river rat is lightly wounded.
The zap misses the rat. x2; The river rat barely misses you.
The river rat bites you!
Unknown command.
You hit the river rat.
You claw the river rat, but do no damage.
The river rat is moderately wounded.
The river rat bites you!
* * * LOW HITPOINT WARNING * * *
The river rat closely misses you. The river rat completely misses you.
The river rat bites you.
You die...

#.#
#.#
#.#
#.#
#.#
#r#
#r#
#r#
#@#
#r#
#.#
#.#
###


You could see 2 river rats and 2 rats.

Vanquished Creatures
  An orc priest (D:3)
  4 adders (D:2)
  A worm (D:2)
  4 dart slugs
  3 leopard geckos
  4 orcs (D:3)
  5 giant cockroaches
  5 goblins
  5 hobgoblins
  2 jackals (D:1)
  A quokka (D:3)
  2 ball pythons
  8 bats
  2 frilled lizards (D:3)
  6 kobolds
  8 rats
61 creatures vanquished.

Notes
Turn   | Place    | Note
-------+----------+-------------------------------------------
     0 | D:1      | doot the Tengu Air Elementalist began the quest for the
                  | Orb.
     0 | D:1      | Reached XP level 1. HP: 10/10 MP: 4/4
   299 | D:1      | Reached XP level 2. HP: 15/15 MP: 1/6
   367 | D:1      | Learned a level 2 spell: Swiftness
  1056 | D:2      | Reached XP level 3. HP: 14/19 MP: 1/7
  1149 | D:2      | Found a radiant altar of Vehumet.
  1151 | D:2      | Found a bloodstained altar of Trog.
  1151 | D:2      | Found a sacrificial altar of Ru.
  1158 | D:2      | Reached skill level 5 in Air Magic
  1163 | D:2      | Learned a level 3 spell: Static Discharge
  1167 | D:2      | Found a glowing golden altar of the Shining One.
  1167 | D:2      | Found an iron altar of Okawaru.
  1168 | D:2      | Found a snail-covered altar of Cheibriados.
  1170 | D:2      | Became a worshipper of Vehumet
  1419 | D:2      | Reached XP level 4. HP: 22/24 MP: 1/8
  1737 | D:2      | Found a shattered altar of Ashenzari.
  2147 | D:3      | Reached * piety under Vehumet
  2147 | D:3      | Offered knowledge of Sting by Vehumet.
  2239 | D:3      | Gained mutation: You can fly continuously. [Tengu growth]
  2239 | D:3      | Reached XP level 5. HP: 28/28 MP: 1/10
  2256 | D:3      | Found a glowing silver altar of Zin.
  2482 | D:3      | Found a glowing drain.
  2490 | Sewer    | Entered a sewer
  2499 | Sewer    | Slain by a river rat

Skill      XL: |  1  2  3  4 |
---------------+-------------+-----
Conjurations   | 2 |  2.7
Air Magic      | 5 |  5.9
Spellcasting   | 3 |  3.1
Dodging        | |  2.5
Stealth        | |  2.2

Action                   |  1- 3 |  4- 6 || total
-------------------------+-------+-------++-------
Melee: Spear             |     6 |     7 ||    13
       Kick              |     3 |     2 ||     5
       Peck              |       |     1 ||     1
 Cast: Shock             |    78 |    51 ||   129
       Static Discharge  |     1 |    10 ||    11
 Abil: Fly               |       |     1 ||     1
  Use: Scroll            |       |     7 ||     7
       Potion            |       |     1 ||     1
  Eat: Chunk             |     3 |     3 ||     6
Armor: Robe              |     5 |     2 ||     7
Dodge: Dodged            |    26 |    31 ||    57
